 Dungeon Crawl Stone Soup version 0.26-a0-812-g31a745ddcd (webtiles) character file.

Game seed: 14458594212752673815

95 kae the Insei (level 4, 0/26 HPs)
             Began as a Tengu Transmuter on Nov 23, 2020.
             Killed by nerve-wracking pain
             ... invoked by Jessica
              (11 damage)
             ... on level 2 of the Dungeon.
             The game lasted 00:03:12 (2741 turns).

kae the Insei (Tengu Transmuter)                    Turns: 2741, Time: 00:03:13

Health: 0/26       AC:  2    Str: 11    XL:     4   Next: 66%
Magic:  4/8        EV: 21    Int: 13    God:
Gold:   132        SH:  0    Dex: 20    Spells: 3/7 levels left

rFire    . . .     SeeInvis .     - Unarmed
rCold    . . .     Faith    .   (shield currently unavailable)
rNeg     . . .     Spirit   .   (armour currently unavailable)
rPois    x         Reflect  .   (helmet currently unavailable)
rElec    .         Harm     .   (cloak currently unavailable)
rCorr    .         Rampage  .   (gloves currently unavailable)
MR       .....                  (boots unavailable)
Stlth    ++........             (no amulet)
HPRegen  0.08/turn              (no ring)
MPRegen  0.11/turn              (no ring)

@: spider-form (expiring)
A: tiny
a: End Transformation


You were on level 2 of the Dungeon.
You were a venomous arachnid creature.
You visited 1 branch of the dungeon, and saw 2 of its levels.

You collected 132 gold pieces.

Inventory:

Armour
 a - a +0 robe (melded)
Jewellery
 e - a cursed ring of attention {unknown}
 i - an uncursed ring of positive energy {unknown}
Scrolls
 b - 2 scrolls of enchant weapon {unknown}
 d - 2 scrolls of enchant armour {unknown}
 h - a scroll of identify
 k - 4 scrolls of remove curse {unknown}
Potions
 c - 2 potions of curing
 f - 2 potions of degeneration {unknown}
 g - 2 potions of attraction {unknown}
 j - a potion of berserk rage {unknown}


   Skills:
 + Level 1.6 Fighting
 + Level 2.7 Dodging
 * Level 4.2 Unarmed Combat
 + Level 2.4 Spellcasting
 * Level 2.4 Transmutations


You had 3 spell levels left.
You knew the following spells:

 Your Spells              Type           Power        Failure   Level
a - Beastly Appendage     Tmut           #.....       22%         1
b - Spider Form           Tmut/Pois      #.........   63%         3

Your spell library contained the following spells:

 Spells                   Type           Power        Failure   Level
 Wereblood                Tmut           #.......     32%         2
 Ice Form                 Ice/Tmut       #.......     94%         4
 Blade Hands              Tmut           #.........   98%         5


Dungeon Overview and Level Annotations

Branches:
Dungeon (2/15)

Altars:
Wu Jian

Annotations:
D:2 Jessica


Innate Abilities, Weirdness & Mutations

((You have a beak for a mouth.))
((You have claws for feet.))


Message History

Ouch! That really hurt!
You are too injured to fight recklessly!
Casting: Beastly Appendage (safe; 9% risk of failure)
Confirm with . or Enter, or press ? or * to list all spells.
The spell is extremely dangerous to cast (41% risk of failure)!
Continue anyway? [Y]es or [N]o only, please.
The spell is extremely dangerous to cast (41% risk of failure)!
Continue anyway?
Your horns disappear.
You turn into a venomous arachnid creature.
Your +0 robe melds into your body.
You hit Jessica.
Jessica is poisoned.
Jessica is lightly wounded.
Jessica shouts, "You're disturbing me!
I'll have to kill you!" Jessica completely misses you.
You hit Jessica.
Jessica looks as sick as possible!
Jessica is moderately wounded.
Your transformation is almost over.
Jessica casts a spell at you. Pain shoots through your body!
You die...

#.#*####.###.######*******
####.###.............),,,,,,*
#........##.#.....##*******,*
#...........##..(## *,*
#..#......#####.## *,*
#....##..## #.# *,* #.#.###.##
#.# *,* #.#.###.# ##'## *,***
#..>....# *#..s#* *,,,*
###.##### *#...@.#* ********,**
#...## *#.......#**,,,,,,,,,*
####...####.........#*,*,,,**,,*
†.........+.........+,,,,,,,*,,*
####...####)........#*,*,,,**,,*
*,,.#.## ##.......##*,**,,,,,,*
,,*.,.#* ##.....## *,***,***,*
,*##,..* **,,,** *,* *,* *,*


You could see Jessica (fast, extremely poisoned).

Vanquished Creatures
  Terence (D:2)
  2 adders (D:2)
  2 dart slugs (D:1)
  3 leopard geckos (D:1)
  2 ball pythons
  4 giant cockroaches
  3 hobgoblins
  6 jackals
  A quokka (D:2)
  4 bats (D:1)
  7 frilled lizards
  5 goblins
  2 kobolds
  7 rats
49 creatures vanquished.

Notes
Turn   | Place    | Note
-------+----------+-------------------------------------------
     0 | D:1      | kae the Tengu Transmuter began the quest for the Orb.
     0 | D:1      | Reached XP level 1. HP: 12/12 MP: 4/4
   138 | D:1      | Reached XP level 2. HP: 12/16 MP: 4/6
   613 | D:1      | Reached XP level 3. HP: 11/20 MP: 7/7
  1702 | D:2      | Noticed Terence
  1753 | D:1      | Learned a level 3 spell: Spider Form
  1761 | D:2      | Killed Terence
  1761 | D:2      | Reached skill level 4 in Unarmed Combat
  1761 | D:2      | Reached XP level 4. HP: 17/25 MP: 2/8
  2459 | D:2      | Found an ornate altar of the Wu Jian Council.
  2733 | D:2      | Noticed Jessica
  2741 | D:2      | Killed from afar by Jessica

Illustrated notes

Levels and vault maps discovered:
D:1:      doesnt_arrival_eight_statues, layout_basic, minmay_tetromino_s4
D:2:      layout_loops_corners, old_standard_altar, kennysheep_generic_room_15,
          uniq_terence, uniq_jessica

Skill      XL: |  1  2  3 |
---------------+----------+-----
Transmutations | 2 |  2.4
Unarmed Combat | 4 |  4.2
Fighting       | |  1.6
Dodging        | |  2.7
Spellcasting   | |  2.4

Action                   |  1- 3 |  4- 6 || total
-------------------------+-------+-------++-------
Melee: Unarmed           |    77 |    37 ||   114
       Headbutt          |     5 |     4 ||     9
       Kick              |    13 |     7 ||    20
       Peck              |     6 |     5 ||    11
       Punch             |     2 |       ||     2
 Cast: Beastly Appendage |    16 |     7 ||    23
       Spider Form       |     1 |     1 ||     2
  Use: Scroll            |     4 |       ||     4
       Potion            |     1 |       ||     1
 Stab: Distracted        |     1 |       ||     1
Armor: Robe              |    13 |     1 ||    14
Dodge: Dodged            |    55 |    16 ||    71

Table legend: (Time is in decaauts)
 A = Elapsed time spent in this place.
 B = Non-inter-level travel time spent in this place.
 C = Inter-level travel time spent in this place.
 D = Time resting spent in this place.
 E = Time spent auto-exploring this place.
 F = Levels seen in this place.
 G = Mean time per level.
                   A        B        C        D        E       F      G
               +--------+--------+--------+--------+--------+-----+--------+
         Total |   2733 |   2720 |     13 |    388 |   1978 |   2 | 1366.5 |
       Dungeon |   2733 |   2720 |     13 |    388 |   1978 |   2 | 1366.5 |
               +--------+--------+--------+--------+--------+-----+--------+

Top non-repeatable levels by time:
     D:2: 1405 daAuts
     D:1: 1327 daAuts
